 Dungeon Crawl Stone Soup version 0.31-a0-240-gb923e448b6 (webtiles) character file.

Game seed: 15345552683160387732

813 qw the Skirmisher (level 7, -21/60 HPs)
             Began as a Minotaur Hexslinger on July 11, 2023.
             Demolished by an ogre
             ... wielding a +0 giant club
              (26 damage)
             ... on level 5 of the Dungeon.
             The game lasted 00:01:29 (3479 turns).

qw the Skirmisher (Minotaur Hexslinger)             Turns: 3479, Time: 00:01:29

Health: -21/60     AC:  6    Str: 12    XL:     7   Next: 61%
Magic:  7/7        EV: 12    Int: 12    God:
Gold:   130        SH:  5    Dex: 21    Spells: 7/8 levels left

rFire   . . .        c - +1 sling (heavy)
rCold   . . .        (no shield)
rNeg    . . .        b - +0 ring mail
rPois   .            (helmet restricted)
rElec   .            (no cloak)
rCorr   .            g - +0 pair of gloves
SInv    .            (no boots)
Will    .....        e - amulet of reflection
Stlth   +            d - ring of Gozag's Grace {Int+2 Dex+6}
HPRegen 0.30/turn    (no ring)
MPRegen 0.10/turn

%: reflection
@: no status effects
A: horns 2, retaliatory headbutt
a: no special abilities


You were on level 5 of the Dungeon.
You visited 2 branches of the dungeon, and saw 6 of its levels.

You collected 226 gold pieces.
You spent 96 gold pieces at shops.


Innate Abilities, Weirdness & Mutations

You have a pair of horns on your head.
You reflexively headbutt those who attack you in melee.


   Skills:
 + Level 4.5 Fighting
 - Level 8.1 Ranged Weapons
 - Level 2.0 Armour
 - Level 3.1 Dodging
 - Level 1.0 Spellcasting
 - Level 2.0 Hexes


You had 7 spell levels left.
You knew the following spells:

 Your Spells              Type           Power      Damage    Failure   Level
a - Slow                  Hex            20%        N/A       28%         1

Your spell library contained the following spells:

 Spells                   Type           Power      Damage    Failure   Level
 Inner Flame              Hex/Fire       3%         N/A       78%         3
 Portal Projectile        Hex/Tloc       6%         N/A       78%         3
 Cause Fear               Hex            2%         N/A       96%         4

Inventory:

Hand Weapons
 c - a +1 heavy sling (weapon)
Armour
 b - a +0 ring mail (worn)
 g - a +0 pair of gloves (worn)
Jewellery
 d - the ring of Gozag's Grace (left hand) {Int+2 Dex+6}
   (You acquired it on level 4 of the Dungeon)

   [ring of dexterity]

   Int:       It affects your intelligence (+2).
   Dex:       It affects your dexterity (+6).
 e - an amulet of reflection (around neck)
Scrolls
 a - 2 scrolls of identify
Potions
 f - a potion of ambrosia {unknown}
 h - 2 potions of haste
 i - a potion of magic {unknown}

Dungeon Overview and Level Annotations

Branches:
Dungeon (5/15)             Temple (1/1) D:4

Altars:
Dithmenos
Elyvilon
Fedhas
Gozag
Hepliaklqana
Kikubaaqudgha
Makhleb
Qazlal
Sif Muna
Trog
Vehumet
Zin
The Shining One

Shops:
D:1 !   D:2 !


Message History

The gnoll is moderately wounded.
The gnoll hits you from afar with a +0 halberd of protection.
The gnoll bouda calls upon its god to heal the gnoll.
The gnoll's wounds heal themselves!
The gnoll misses you. The gnoll closely misses you. You furiously retaliate!
You headbutt the gnoll.
The gnoll bouda barks out a call to the hunt!
The gnolls pick up the pace!
You shoot a sling bullet.
The sling bullet closely misses the gnoll.
The gnoll misses you. The gnoll hits you with a +0 flail. x2
The gnoll closely misses you. You block the gnoll's attack.
You shoot a sling bullet.
The sling bullet closely misses the gnoll.
The gnoll hits you with a +0 flail.
You shoot a sling bullet.
The sling bullet hits the gnoll but does no damage.
The gnoll is heavily wounded.
The gnoll hits you with a +0 flail!
An ogre comes into view. It is wielding a +0 giant club.
The gnoll completely misses you. The gnoll barely misses you.
The gnoll bouda hits you but does no damage.
The gnoll hits you with a +0 flail! The gnoll barely misses you.
You shoot a sling bullet. The sling bullet hits the gnoll!
You kill the gnoll!
The gnoll closely misses you.
The gnoll bouda hits you but does no damage.
The gnoll barely misses you. You block the gnoll's attack.
You shoot a sling bullet. The sling bullet hits the gnoll bouda!
The gnoll bouda is severely wounded.
The gnoll bouda hits you but does no damage.
The gnoll closely misses you. The gnoll hits you with a +0 flail!
The gnoll bouda closely misses you. You block the gnoll's attack.
The gnoll hits you but does no damage.
You shoot a sling bullet. The sling bullet hits the gnoll bouda!
You kill the gnoll bouda!
You block the gnoll's attack. The gnoll hits you with a +0 flail!
You shoot a sling bullet.
The sling bullet barely misses the ogre.
The ogre hits you with a +0 giant club!!
You die...

#... .# .._. .. ... .g
..##. #... #..####..
#.....g.## #.
#Og###.... ##@).......
#.[.####.## #...# ....
.. #...# #....#.. #...#
#....... #...# #.#...#.
#...# #.#.#.#.
#####...########.#.#.#.
......>).......#.......


You could see an ogre and 2 gnolls.

Vanquished Creatures
  An ice beast (D:5)
  A phantom (D:5)
  2 scorpions
  A gnoll bouda (D:5)
  A jelly (D:3)
  An orc priest (D:4)
  2 iguanas (D:4)
  Jessica (D:2)
  Terence (D:1)
  Natasha (thrice) (D:2)
  2 orc wizards (D:4)
  Robin (D:3)
  A gnoll (D:5)
  8 adders
  A shadow imp (D:4)
  A worm (D:3)
  2 dart slugs
  10 orcs
  6 endoplasms
  2 giant cockroaches (D:1)
  15 goblins
  12 hobgoblins
  11 kobolds
  12 ball pythons
  4 bats
  4 frilled lizards
  A rat (D:2)
107 creatures vanquished.

Notes
Turn   | Place    | Note
-------+----------+-------------------------------------------
     0 | D:1      | qw the Minotaur Hexslinger began the quest for the Orb.
     0 | D:1      | Reached XP level 1. HP: 16/16 MP: 1/1
     0 | D:1      | 0 ||| qw: Version: 0.3-a-52-g30416fa
     0 | D:1      | 0 ||| qw: Game counter: 6111
     0 | D:1      | 0 ||| qw: Melee chars always use a shield: true
     0 | D:1      | 0 ||| qw: God list: Okawaru
     0 | D:1      | 0 ||| qw: Allow faded altars: false
     0 | D:1      | 0 ||| qw: Do Orc after clearing Dungeon:15 true
     0 | D:1      | 0 ||| qw: Do second Lair branch before Depths: true
     0 | D:1      | 0 ||| qw: Lair rune preference: random
     0 | D:1      | 0 ||| qw: Goals: Normal
     0 | D:1      | 0 ||| PLANNING D:1-11
   110 | D:1      | Reached skill level 3 in Ranged Weapons
   146 | D:1      | Reached XP level 2. HP: 23/23 MP: 2/2
   368 | D:1      | 368 ||| UPGRADING to +0 leather armour.
   409 | D:1      | 409 ||| DROPPING +0 robe.
   410 | D:1      | 410 ||| UPGRADING to +0 pair of gloves.
   576 | D:1      | Found Lial Ewnysk's Distillery.
   581 | D:1      | 581 ||| BUYING 2 potions of curing (60 gold).
   581 | D:1      | Bought 2 potions of curing for 60 gold pieces
   581 | D:1      | 581 ||| SHOPLISTING 2 potions of curing (60 gold, have 17).
   581 | D:1      | 581 ||| SHOPLISTING potion of curing (30 gold, have 17).
   581 | D:1      | 581 ||| SHOPLISTING potion of heal wounds (50 gold, have
                  | 17).
   581 | D:1      | 581 ||| SHOPLISTING potion of might (40 gold, have 17).
   581 | D:1      | 581 ||| SHOPLISTING potion of mutation (80 gold, have 17).
   808 | D:1      | Reached XP level 3. HP: 29/29 MP: 3/3
   818 | D:1      | 818 ||| READING scroll labelled ZIOFENAITS.
   819 | D:1      | 819 ||| READING scroll labelled ROKE PORHI.
   822 | D:1      | 822 ||| DROPPING scroll of poison.
   829 | D:2      | Noticed Terence
   835 | D:2      | 835 ||| STAIRDANCE
   843 | D:1      | Killed Terence
   844 | D:1      | Reached skill level 4 in Ranged Weapons
   915 | D:2      | 915 ||| STAIRDANCE
   921 | D:1      | Reached XP level 4. HP: 30/36 MP: 4/4
   951 | D:2      | Noticed Jessica
   960 | D:2      | Killed Jessica
   961 | D:2      | Reached skill level 5 in Ranged Weapons
   961 | D:2      | 961 ||| FLEEEEING.
   962 | D:2      | 962 ||| FLEEEEING.
   963 | D:2      | 963 ||| FLEEEEING.
   964 | D:2      | 964 ||| FLEEEEING.
   965 | D:2      | 965 ||| FLEEEEING.
   968 | D:2      | 968 ||| FLEEEEING.
   999 | D:2      | Noticed Natasha
  1009 | D:2      | Killed Natasha
  1140 | D:2      | Reached skill level 3 in Fighting
  1166 | D:2      | Found Koshymit's Distillery.
  1170 | D:2      | Noticed Natasha
  1173 | D:2      | 1173 ||| Stepping ~*~*~tactically~*~*~ (outnumbered).
  1185 | D:2      | 1185 ||| Stepping ~*~*~tactically~*~*~ (outnumbered).
  1187 | D:2      | Killed Natasha
  1188 | D:2      | Reached XP level 5. HP: 32/45 MP: 5/5
  1228 | D:2      | 1228 ||| BUYING potion of curing (36 gold).
  1228 | D:2      | Bought a potion of curing for 36 gold pieces
  1228 | D:2      | 1228 ||| SHOPLISTING potion of curing (36 gold, have 16).
  1487 | D:2      | Noticed Natasha
  1491 | D:2      | Killed Natasha
  1693 | D:2      | 1693 ||| UPGRADING to +0 ring mail.
  1703 | D:2      | 1703 ||| DROPPING +0 leather armour.
  1704 | D:2      | 1704 ||| READING scroll labelled FOGODOWOOTH.
  1705 | D:2      | 1705 ||| READING 2 scrolls of identify.
  1705 | D:2      | 1705 ||| IDENTIFYING bubbling brown potion
  1706 | D:2      | 1706 ||| DROPPING potion of brilliance.
  1798 | D:3      | Found a white marble altar of Elyvilon.
  1870 | D:3      | Noticed Robin
  1883 | D:3      | HP: 9/45 [Robin/+0 trident (5)]
  1884 | D:3      | 1884 ||| READING scroll of teleportation.
  2112 | D:3      | Killed Robin
  2113 | D:3      | Reached skill level 6 in Ranged Weapons
  2127 | D:3      | 2127 ||| FLEEEEING.
  2233 | D:3      | Reached XP level 6. HP: 51/51 MP: 6/6
  2351 | D:3      | 2351 ||| READING scroll labelled QIRPHIO NUGOFUPH.
  2352 | D:3      | 2352 ||| READING scroll labelled LUJOM WOKEIT.
  2390 | D:4      | 2390 ||| DRINKING 3 potions of curing.
  2390 | D:4      | 2390 ||| (to cure confusion)
  2395 | D:4      | 2395 ||| DRINKING 2 potions of curing.
  2395 | D:4      | 2395 ||| (to cure confusion)
  2514 | D:4      | Found a glowing silver altar of Zin.
  2585 | D:4      | Found an opulent altar of Gozag.
  2678 | D:4      | 2678 ||| DRINKING potion of curing.
  2678 | D:4      | 2678 ||| (to cure confusion)
  2681 | D:4      | 2681 ||| Stepping ~*~*~tactically~*~*~ (outnumbered).
  2869 | D:4      | Reached skill level 7 in Ranged Weapons
  2869 | D:4      | Reached XP level 7. HP: 49/59 MP: 7/7
  3038 | D:4      | Found a staircase to the Ecumenical Temple.
  3039 | D:4      | 3039 ||| PLANNING TEMPLE
  3039 | D:4      | 3039 ||| READING scroll labelled FYLUDO NILEI.
  3040 | D:4      | 3040 ||| READING 2 scrolls labelled JEUZIY DOACW.
  3040 | D:4      | Identified 2 scrolls of acquirement
  3040 | D:4      | 3040 ||| ACQUIRING ring of Gozag's Grace {Int+2 Dex+6}
  3040 | D:4      | Acquired the ring of Gozag's Grace {Int+2 Dex+6}
  3042 | D:4      | 3042 ||| UPGRADING to ring of Gozag's Grace {Int+2 Dex+6}.
  3043 | D:4      | 3043 ||| READING scroll of acquirement.
  3043 | D:4      | 3043 ||| ACQUIRING amulet of reflection
  3043 | D:4      | Acquired an amulet of reflection
  3045 | D:4      | 3045 ||| UPGRADING to amulet of reflection.
  3050 | D:4      | 3050 ||| DRINKING 3 pink potions.
  3060 | Temple   | Entered the Ecumenical Temple
  3155 | Temple   | 3155 ||| PLANNING D:1-11
  3243 | D:5      | Entered Level 5 of the Dungeon
  3268 | D:5      | Found a shimmering blue altar of Sif Muna.
  3311 | D:5      | Reached skill level 3 in Dodging
  3457 | D:5      | Identified the +4 spear of Incongruity {vamp, *Rage rF+
                  | rC+++ Stlth+}
  3465 | D:5      | Found a glowing golden altar of the Shining One.
  3467 | D:5      | 3467 ||| Stepping ~*~*~tactically~*~*~ (outnumbered).
  3470 | D:5      | Reached skill level 8 in Ranged Weapons
  3477 | D:5      | HP: 11/59 [gnoll/+0 flail[a gnoll bouda] (9)]
  3478 | D:5      | HP: 4/59 [gnoll/+0 flail[a gnoll bouda] (7)]
  3479 | D:5      | Demolished by an ogre

Levels and vault maps discovered:
D:1:      lemuel_arrival_funnel, layout_loops_ring, serial_glass,
          glass_columns_a, glass_columns_c, glass_columns_b, glass_columns_b,
          glass_columns_a, glass_columns_b, serial_shops, shop
D:2:      layout_loops_cross, serial_shops, nicolae_shop_crystal, uniq_jessica,
          uniq_natasha, uniq_terence
D:3:      layout_basic, lemuel_crystal_altar, kennysheep_flooded_box, uniq_robin
D:4:      layout_rooms, grunt_gozag_breadcrumbs, zin_academy,
          minmay_temple_entry_poolview, chequers_avenue
D:5:      layout_loops_cross, nicolae_overflow_crystal_walls,
          mainiacjoe_overflow_24_doors
Temple:   hellmonk_temple_beads

Skill      XL: |  1  2  3  4  5  6  7 |
---------------+----------------------+-----
Ranged Weapons | 3 4 5 6 7 8 |  8.1
Fighting       | 2 3 4 |  4.5
Armour         | 2 |  2.0
Dodging        | 3 |  3.1
Spellcasting   | |  1.0
Hexes          | |  2.0

Action                     |  1- 3 |  4- 6 |  7- 9 || total
---------------------------+-------+-------+-------++-------
   Fire: Sling             |    71 |   241 |    30 ||   342
    Use: Scroll            |     2 |     5 |     3 ||    10
         Potion            |       |     3 |     1 ||     4
 Armour: Robe              |     1 |       |       ||     1
         Leather armour    |     6 |     3 |       ||     9
         Ring mail         |       |    41 |    11 ||    52
  Dodge: Dodged            |    23 |    88 |    26 ||   137
  Block: Other             |       |       |     7 ||     7

Table legend:
 A = Non-vault XP
 B = Vault XP
 C = Vault XP percentage of total XP
 D = Non-vault monster count
 E = Vault monster count
 F = Vault count percentage of total count
                 A         B        C        D         E       F
            +---------+---------+-------+---------+---------+-------
      Total |    1018 |     144 |  12.4 |      93 |      14 |  13.1
            +---------+---------+-------+---------+---------+-------
        D:1 |      55 |      36 |  39.6 |      23 |       1 |   4.2
        D:2 |     106 |      72 |  40.4 |      16 |       2 |  11.1
        D:3 |      86 |      36 |  29.5 |      18 |      11 |  37.9
        D:4 |     394 |       0 |   0.0 |      31 |       0 |   0.0
        D:5 |     377 |       0 |   0.0 |       5 |       0 |   0.0
            +---------+---------+-------+---------+---------+-------
